 Dungeon Crawl Stone Soup version 0.31-a0-16-g6d2539766c (webtiles) character file.

Game seed: 4669827823122622084

64 funkygono the Covered (level 3, -7/33 HPs)
             Began as a Minotaur Fighter on May 8, 2023.
             Killed by nerve-wracking pain
             ... invoked by an orc priest
              (10 damage)
             ... on level 2 of the Dungeon on May 9, 2023.
             The game lasted 00:01:42 (1310 turns).

funkygono the Covered (Minotaur Fighter)            Turns: 1310, Time: 00:01:43

Health: -7/33      AC:  7    Str: 22    XL:     3   Next: 91%
Magic:  2/2        EV:  9    Int:  5    God:
Gold:   72         SH:  4    Dex:  9    Spells: 2/2 levels left

rFire   . . .        a - +0 war axe
rCold   . . .        c - +0 buckler
rNeg    . . .        b - +0 scale mail
rPois   .            (helmet restricted)
rElec   .            (no cloak)
rCorr   .            (no gloves)
SInv    .            (no boots)
Will    .....        (no amulet) Stlth
                     (no ring)
HPRegen 0.25/turn    (no ring)
MPRegen 0.08/turn

%: no passive effects
@: no status effects
A: horns 2, retaliatory headbutt
a: no special abilities


You were on level 2 of the Dungeon.
You visited 1 branch of the dungeon, and saw 2 of its levels.

You collected 72 gold pieces.

Inventory:

Hand Weapons
 a - a +0 war axe (weapon)
Armour
 b - a +0 scale mail (worn)
 c - a +0 buckler (worn)
Scrolls
 e - a scroll of acquirement {unknown}
 f - a scroll of identify {unknown}
 g - a scroll of fear {unknown}
 h - a scroll of amnesia {unknown}
 k - a scroll of torment {unknown}
 m - a scroll of blinking {unknown}
Potions
 d - 3 potions of might
 i - a potion of brilliance {unknown}
 j - a potion of magic {unknown}
 l - a potion of mutation {unknown}
 n - a potion of berserk rage {unknown}
 o - a potion of haste {unknown}
 p - a potion of cancellation {unknown}
 q - a potion of degeneration {unknown}


   Skills:
 + Level 4.2 Fighting
 + Level 3.6 Axes
 + Level 4.2 Armour
 + Level 0.2 Dodging
 + Level 4.1 Shields


You had 2 spell levels left.
You didn't know any spells.
Your spell library was empty.

Dungeon Overview and Level Annotations

Branches:
Dungeon (2/15)

Altars:

Annotations:
D:2 1 runed translucent door, Crazy Yiuf


Innate Abilities, Weirdness & Mutations

You have a pair of horns on your head.
You reflexively headbutt those who attack you in melee.


Message History

Found a sling.
p - a metallic golden potion You see here a +0 sling.
q - a dark potion You open the door.
There is an open door here.
As you open the door, it creaks loudly!
There is an open door here.
Found a scale mail.
Found a stone.
An orc priest comes into view. It is wielding a +0 heavy mace.
The orc priest shouts!
You hear a shout!
The orc priest invokes the aid of Beogh against you.
Beogh smites you! You block the orc priest's attack.
You hit the orc priest. Your headbutt misses the orc priest.
The orc priest is moderately wounded.
The orc priest calls down the wrath of Beogh upon you.
Beogh smites you!
You barely miss the orc priest.
The orc priest is moderately wounded.
The orc priest hits you with a +0 heavy mace!
* * * LOW HITPOINT WARNING * * *
You slash the orc priest!
You kill the orc priest!
You see here a +0 heavy mace.
An orc comes into view. It is wielding a +0 trident.
An orc priest comes into view. It is wielding a +0 hand axe.
The orc priest shouts!
The orc shouts!
You hear a shout!
An orc comes into view. It is wielding a +0 flail.
The orc priest attacks as you move away!
The orc priest hits you with a +0 hand axe.
* * * LOW HITPOINT WARNING * * *
The orc priest attacks as you move away!
The orc priest hits you but does no damage.
The orc priest attacks as you move away!
The orc priest hits you but does no damage.
The orc priest calls down the wrath of Beogh upon you.
Pain shoots through your body!
You die...

#.##.##.##.###.###.#.#... .
# #.##.##..÷)..#...#.#....
.. # #.##.#####...###.#.#...
... # #.##.............#.#..
....
##.##########.##.##.#.#...#.
..........#.#.##...)#.......
.#.######.#...####...o......
.#.....##.#.######...#....##
.#...#.##.#.....@.o..# ####
.#.#.#..#.#...######.[(#
.#.#.....÷....<....#.#.#
.#...........#####.#.#..#
.#.#####.....'...#.#.# .#
.#######.....###.#.#.# .#
.............# #...#
#####.......## ###.#
..........### ###


You could see an orc priest and an orc.

Vanquished Creatures
  An orc priest (D:2)
  A dart slug (D:1)
  3 endoplasms (D:1)
  2 giant cockroaches
  A goblin (D:2)
  2 hobgoblins (D:1)
  5 quokkas (D:1)
  4 ball pythons
  6 bats
  A frilled lizard (D:1)
  2 kobolds
  5 rats
33 creatures vanquished.

Notes
Turn   | Place    | Note
-------+----------+-------------------------------------------
     0 | D:1      | funkygono the Minotaur Fighter began the quest for the Orb.
     0 | D:1      | Reached XP level 1. HP: 19/19 MP: 0/0
   211 | D:1      | Reached XP level 2. HP: 27/27 MP: 1/1
   916 | D:2      | Reached XP level 3. HP: 33/33 MP: 2/2
  1168 | D:2      | Found a runed translucent door.
  1169 | D:2      | Noticed Crazy Yiuf
  1310 | D:2      | Killed from afar by an orc priest

Illustrated notes

Levels and vault maps discovered:
D:1:      dpeg_arrival_three_smaller_balls, layout_basic, nicolae_hexahallways,
          minmay_misc_feat_diagonals
D:2:      cheibrodos_pilgrimage, layout_basic, chequers_ecumenical_altar_lobes,
          uniq_crazy_yiuf_cottage, uniq_sigmund

Skill      XL: |  1  2 |
---------------+-------+-----
Shields        | 4 |  4.1
Axes           | 3 |  3.6
Fighting       | 4 |  4.2
Armour         | 4 |  4.2
Dodging        | |  0.2

Action                     || total
---------------------------++-------
  Melee: War axe           ||    69
         Headbutt          ||     5
 Armour: Scale mail        ||    43
  Dodge: Dodged            ||    27
  Block: Buckler           ||    17

Table legend: (Time is in decaauts)
 A = Elapsed time spent in this place.
 B = Non-inter-level travel time spent in this place.
 C = Inter-level travel time spent in this place.
 D = Time resting spent in this place.
 E = Time spent auto-exploring this place.
 F = Levels seen in this place.
 G = Mean time per level.
                   A        B        C        D        E       F      G
               +--------+--------+--------+--------+--------+-----+--------+
         Total |   1337 |   1298 |     39 |      0 |   1065 |   2 |  668.5 |
       Dungeon |   1337 |   1298 |     39 |      0 |   1065 |   2 |  668.5 |
               +--------+--------+--------+--------+--------+-----+--------+

Top non-repeatable levels by time:
     D:1: 922 daAuts
     D:2: 414 daAuts
